 Dungeon Crawl Stone Soup version 0.26.1-2-gb8aa6d0cf2 (webtiles) character file.

Game seed: 2670051662614667027

105 promet the Vandal (level 5, 0/34 HPs)
             Began as a Halfling Hunter on Feb 16, 2021.
             Killed from afar by an orc wizard (6 damage)
             ... with a puff of frost
             ... on level 4 of the Dungeon.
             The game lasted 00:15:55 (3434 turns).

promet the Vandal (Halfling Hunter)                 Turns: 3434, Time: 00:15:57

Health: 0/34       AC:  3    Str: 14    XL:     5   Next: 9%
Magic:  5/5        EV: 15    Int:  9    God:
Gold:   56         SH:  0    Dex: 15    Spells: 4/4 levels left

rFire    . . .     SeeInvis .   b - +0 short sword
rCold    . . .     Faith    .   (shield restricted)
rNeg     . . .     Spirit   .   c - +0 leather armour
rPois    +         Reflect  .   (no helmet)
rElec    .         Harm     .   (no cloak)
rCorr    .         Rampage  .   (no gloves)
Will     .....                  (no boots)
Stlth    ++........             (no amulet)
HPRegen  0.11/turn              g - ring of poison resistance
MPRegen  0.09/turn              (no ring)

@: no status effects
A: small, mutation resistance 1
a: no special abilities


You were on level 4 of the Dungeon.
You visited 1 branch of the dungeon, and saw 4 of its levels.

You collected 56 gold pieces.

Inventory:

Hand Weapons
 a - a +1 hunting sling
 b - a +0 short sword (weapon)
Missiles
 d - 29 sling bullets
 e - 127 stones
 h - 19 arrows
 k - 24 poisoned darts (quivered)
Armour
 c - a +0 leather armour (worn)
Jewellery
 g - a ring of poison resistance (left hand)
Scrolls
 i - a scroll of magic mapping
 j - 3 scrolls of identify


   Skills:
 * Level 2.2 Fighting
 + Level 1.5 Short Blades
 + Level 6.7 Slings
 + Level 0.2(2.8) Throwing
 + Level 1.8 Armour
 + Level 3.0 Dodging
 + Level 1.7 Stealth


You had 4 spell levels left.
You didn't know any spells.
Your spell library was empty.

Dungeon Overview and Level Annotations

Branches:
Dungeon (4/15)
 Temple: D:4-7

Altars:
The Shining One

Annotations:
D:3 3 runed translucent doors, KittyFluff's ghost, amateur GrBe


Innate Abilities, Weirdness & Mutations

You are small and have problems with some larger weapons.
You are somewhat resistant to further mutation.


Message History

The orc wizard is moderately wounded.
The orc wizard misses you. The quokka skeleton misses you.
The orc wizard closely misses you.
You hit the orc wizard.
The orc wizard is heavily wounded.
The orc wizard misses you. The quokka skeleton barely misses you.
You closely miss the orc wizard.
The orc wizard is heavily wounded.
The orc wizard hits you but does no damage.
The quokka skeleton bites you.
* * * LOW HITPOINT WARNING * * *
The orc wizard misses you.
You barely miss the orc wizard.
The orc wizard is moderately wounded.
The orc wizard hits you with a +0 dagger.
* * * LOW HITPOINT WARNING * * *
The quokka skeleton bites you but does no damage.
The orc wizard points at you and mumbles some strange words.
The puff of frost hits you.
You die...

# ##. ... ..
##.#
....####... #
......Z..##...#
#@......#
#o##....# #.#
..# #.# # #.#
#.# ..# .##


You could see an orc wizard (fast) and a quokka skeleton.

Vanquished Creatures
  4 adders
  A worm (D:3)
  A dart slug (D:3)
  2 leopard geckos (D:2)
  2 orcs (D:3)
  5 bats
  3 giant cockroaches
  7 hobgoblins
  9 jackals (D:1)
  2 frilled lizards (D:1)
  6 goblins
  8 kobolds
  7 rats
57 creatures vanquished.

Notes
Turn   | Place    | Note
-------+----------+-------------------------------------------
     0 | D:1      | promet the Halfling Hunter began the quest for the Orb.
     0 | D:1      | Reached XP level 1. HP: 14/14 MP: 1/1
    79 | D:1      | Reached skill level 6 in Slings
   366 | D:1      | Reached XP level 2. HP: 19/19 MP: 2/2
   739 | D:1      | Reached XP level 3. HP: 17/24 MP: 3/3
  1495 | D:2      | Reached skill level 1 in Armour
  1822 | D:2      | Reached XP level 4. HP: 21/29 MP: 4/4
  2283 | D:2      | Found a faded altar of an unknown god.
  2588 | D:3      | Reached skill level 1 in Short Blades
  2920 | D:3      | Noticed KittyFluff's ghost (amateur GrBe)
  2928 | D:3      | Found a runed translucent gate.
  2928 | D:3      | Found a runed translucent gate.
  2930 | D:3      | Found a runed translucent gate.
  3020 | D:3      | Found a glowing golden altar of the Shining One.
  3037 | D:3      | Reached XP level 5. HP: 10/34 MP: 5/5
  3434 | D:4      | Killed from afar by an orc wizard

Illustrated notes

Levels and vault maps discovered:
D:1:      sevenhm_arrival_forest_fort_large_2, layout_loops_ring,
          minmay_misc_feat_ornament
D:2:      layout_loops_ring, chequers_ecumenical_altar_simple
D:3:      minmay_angry_zag, layout_basic, lemuel_crystal_altar,
          gammafunk_ghost_split, hangedman_decor_growths
D:4:      layout_rooms, uniq_grinder, uniq_menkaure, uniq_duvessa

Skill      XL: |  1  2  3  4 |
---------------+-------------+-----
Slings         | 6 |  6.7
Fighting       | 2 |  2.2
Armour         | 1 |  1.8
Short Blades   | 1 |  1.5
Dodging        | 3 |  3.0
Throwing       | |  0.2
Stealth        | |  1.7

Action                   |  1- 3 |  4- 6 || total
-------------------------+-------+-------++-------
Melee: Short sword       |   122 |   124 ||   246
 Fire: Hunting sling     |    13 |    12 ||    25
Throw: Stone             |     3 |     1 ||     4
  Use: Scroll            |     3 |     1 ||     4
       Potion            |     1 |     1 ||     2
 Stab: Sleeping          |     2 |     1 ||     3
Armor: Leather armour    |    36 |    23 ||    59
Dodge: Dodged            |   114 |   107 ||   221
